 Dungeon Crawl Stone Soup version 0.18-a0-1800-gdc7a371 (webtiles) character file.

41509 Chiseanne the Fighter (level 13, -3/141 HPs)
             Began as a Troll Monk on Apr 24, 2016.
             Was a Priest of the Shining One.
             Slain by an orc knight
             ... wielding a +0 battleaxe
              (9 damage)
             ... on level 15 of the Dungeon.
             The game lasted 01:04:05 (15539 turns).

Chiseanne the Fighter (Troll Monk)                 Turns: 15539, Time: 01:04:05

Health: -3/141     AC:  8    Str: 28    XL:     13   Next: 80%
Magic:  15/15      EV: 18    Int:  6    God:    the Shining One [***...]
Gold:   108        SH: 12    Dex: 16    Spells: 0 memorised, 12 levels left

rFire  . . .     SeeInvis +     s - +7 battleaxe of a ziggurat {speed, SInv}
rCold  . . .     Gourm    +     Z - +1 robe {rN+}
rNeg   + + .     Faith    .     (shield currently unavailable)
rPois  +         Spirit   .     r - +1 hat {MR+}
rElec  .         Dismiss  .     x - +0 cloak
rCorr  .         Reflect  +     (gloves unavailable)
SustAt .         Harm     .     (boots unavailable)
MR     +....                    t - +4 amulet of reflection
Stlth  +.........               L - +6 ring of strength
                                M - ring of poison resistance

@: divine shield, glowing, somewhat resistant to hostile enchantments, very
unstealthy
A: unfitting armour, claws 3, fast metabolism 3, gourmand, regeneration 2,
shaggy fur 1, tough skin 2
a: Divine Shield, Renounce Religion


You were on level 15 of the Dungeon.
You worshipped the Shining One.
The Shining One was most pleased with you.
You were not hungry.

You visited 2 branches of the dungeon, and saw 16 of its levels.

You collected 923 gold pieces.
You spent 815 gold pieces at shops.

Inventory:

Hand Weapons
 a - the +8 great sword of Innocence {flame, +Rage MP+9 Str-5 Int-2}
   (You found it on level 5 of the Dungeon)

   It has been specially enchanted to burn those struck by it, causing extra
   injury to most foes and up to half again as much damage against particularly
   susceptible opponents.
   Big, fiery blades are also staple armaments of hydra-hunters.
   It affects your strength (-5).
   It affects your intelligence (-2).
   It affects your magic capacity (+9).
   It lets you go berserk.
 d - a +1 giant spiked club
 s - the +7 battleaxe of a ziggurat (weapon) {speed, SInv}
   (You bought it in a shop on level 9 of the Dungeon)

   Attacks with this weapon are significantly faster.
   It lets you see invisible.
 A - a +2 flail of protection
Missiles
 j - 3 tomahawks of dispersal
 u - 4 javelins
 C - 14 large rocks (quivered)
 G - 6 throwing nets {!*}
 U - 9 tomahawks
Armour
 r - a +1 hat of magic resistance (worn)
 x - a +0 cloak (worn)
 X - the -5 shield of Anarchy {rElec rF+ rCorr Dex+2}
   (You acquired it on level 11 of the Dungeon)

   It affects your dexterity (+2).
   It protects you from fire.
   It insulates you from electricity.
   It protects you from acid and corrosion.
 Z - a +1 robe of positive energy (worn)
Jewellery
 l - an uncursed amulet of guardian spirit
 t - a +4 amulet of reflection (around neck)
 L - a +6 ring of strength (right claw)
 M - a ring of poison resistance (left claw)
 O - an uncursed amulet of faith
Wands
 i - a wand of lightning (7/15)
 k - a wand of acid (4/15)
 m - a wand of polymorph (20/24)
 Q - a wand of enslavement (12/24)
Scrolls
 c - a scroll of teleportation
 q - 3 scrolls of immolation
 I - 2 scrolls of remove curse
 J - 3 scrolls of amnesia
 P - 6 scrolls of recharging
 R - 2 scrolls of magic mapping
Potions
 e - 7 potions of curing
 g - a potion of lignification
 v - a potion of cancellation {unknown}
 D - a potion of flight
 E - a potion of cure mutation {unknown}
 H - a potion of degeneration {unknown}
 K - a potion of ambrosia {unknown}
 S - a potion of resistance {unknown}
 W - a potion of brilliance {unknown}
Books
 h - a book of Fire

   Spells                             Type                      Level
   a - Ignite Poison                  Fire/Transmutation/Poison    3
   b - Fireball                       Conjuration/Fire             5
   c - Bolt of Fire                   Conjuration/Fire             6
   d - Delayed Fireball               Conjuration/Fire             7
   e - Ring of Flames                 Charms/Fire                  7
 w - Roxanne's Reference Book on Stones
   (You took it off Roxanne on level 14 of the Dungeon)

   Spells                             Type                      Level
   a - Passwall                       Transmutation/Earth          2
   b - Stone Arrow                    Conjuration/Earth            3
   c - Leda's Liquefaction            Hexes/Earth                  4
   d - Petrify                        Transmutation/Earth          4
   e - Statue Form                    Transmutation/Earth          6
 y - a Grand Grimoire

   Spells                             Type                      Level
   a - Monstrous Menagerie            Summoning                    7
   b - Summon Greater Demon           Summoning                    7
   c - Malign Gateway                 Summoning/Translocation      7
   d - Summon Horrible Things         Summoning                    8
 F - the Incunabulum of Orientation and the Arsonist
   (You found it on level 5 of the Dungeon)

   Spells                             Type                      Level
   a - Inner Flame                    Hexes/Fire                   3
   b - Bolt of Magma                  Conjuration/Fire/Earth       5
   c - Summon Forest                  Summoning/Translocation      5
   d - Delayed Fireball               Conjuration/Fire             7
 T - a book of Battle

   Spells                             Type                      Level
   a - Infusion                       Charms                       1
   b - Shroud of Golubria             Charms/Translocation         2
   c - Song of Slaying                Charms                       2
   d - Spectral Weapon                Hexes/Charms                 3
   e - Regeneration                   Charms/Necromancy            3
 V - a book of Flames

   Spells                             Type                      Level
   a - Flame Tongue                   Conjuration/Fire             1
   b - Throw Flame                    Conjuration/Fire             2
   c - Conjure Flame                  Conjuration/Fire             3
   d - Inner Flame                    Hexes/Fire                   3
   e - Sticky Flame                   Conjuration/Fire             4
   f - Fireball                       Conjuration/Fire             5
Miscellaneous
 z - a lamp of fire
 Y - a phantom mirror
Comestibles
 b - 14 bread rations
 f - a royal jelly
 n - a slice of pizza
 o - 7 meat rations
 B - 7 fruits
 N - 8 beef jerkies


   Skills:
 * Level 12.6 Fighting
 * Level 10.5 Throwing
 * Level 12.5 Dodging
 - Level 1.1 Stealth
 - Level 4.0 Unarmed Combat
 - Level 4.0 Invocations


You had 12 spell levels left.
You didn't know any spells.

Dungeon Overview and Level Annotations

Branches:
Dungeon (15/15)            Temple (1/1) D:5            Lair (0/8) D:10
    Orc (0/2) D:10         Vaults (0/5) D:14         Depths (0/5) D:15

Altars:
Ashenzari
Cheibriados
Dithmenos
Elyvilon
Fedhas
Gozag
Kikubaaqudgha
Makhleb
Nemelex Xobeh
Okawaru
Pakellas
Qazlal
Ru
Sif Muna
Trog
Vehumet
Xom
Yredelemnul
Zin
The Shining One
Beogh

Shops:
D:9 (   D:11 *   D:13 :   D:14 %=*[

Annotations:
D:6 exclusion: upstairs


Innate Abilities, Weirdness & Mutations

You are too large for most types of armour.
You have claws for hands.
Your metabolism is lightning-fast.
You like to eat raw meat.
You heal very quickly.
You are covered in fur (AC +1).
You have very tough skin (AC +2).


Message History

You slash the centaur warrior!
The centaur warrior is heavily wounded.
The centaur warrior hits you.
* * * LOW HITPOINT WARNING * * *
You barely miss the centaur warrior.
The centaur warrior is heavily wounded.
You slash the orc knight!
The orc knight is lightly wounded.
You block the centaur warrior's attack. The centaur warrior closely misses you.
The orc knight closely misses you.
You hit the centaur warrior.
The centaur warrior is heavily wounded.
You slash the orc knight!
The orc knight is moderately wounded.
The centaur warrior hits you!
* * * LOW HITPOINT WARNING * * *
The centaur warrior hits you.
* * * LOW HITPOINT WARNING * * *
The orc knight hits you with a battleaxe!
You die...

### ..# #.# #c#
#@# #o# ##
#o########### #.
#####
#......o....#####.
#...#
#((...............
#### #.###
######..$...#####.
...# #...#
######## #.
...#####.# #'
...'.....# ..


You could see an orc knight, a centaur warrior and an orc warrior.

Vanquished Creatures
  Gastronok (D:8)
  Roxanne (D:14)
  Erolcha (D:8)
  8 vault guards
  2 centaur warriors (D:13)
  A tengu warrior (D:15)
  A vampire mage (D:15)
  4 skeletal warriors (D:14)
  A golden dragon zombie (D:15)
  2 unseen horrors (D:14)
  A deep elf archer (D:14)
  5 hill giants
  Pikel (D:7)
  13 ugly things
  4 cyclopes
  An ice statue (D:9)
  Psyche (D:9)
  2 gargoyles
  4 trolls
  A two-headed ogre (D:8)
  4 slime creatures
  A shadow (D:11)
  A wraith (D:10)
  A basilisk (D:10)
  4 hungry ghosts
  12 yaks
  5 hippogriffs
  A steam dragon (D:9)
  Menkaure (D:7)
  A mottled dragon (D:13)
  2 porcupines (D:10)
  A porcupine (shapeshifter) (D:14)
  5 orc warriors
  2 sky beasts
  17 ice beasts
  4 black bears
  2 phantoms
  15 centaurs
  5 ogres
  2 crocodiles (D:10)
  A big kobold (D:8)
  7 giant frogs
  A wyvern zombie (D:8)
  2 gnoll sergeants
  A wyvern skeleton (D:7)
  A scorpion (D:5)
  6 killer bees (D:14)
  5 electric eels (D:9)
  8 howler monkeys
  8 wights (D:7)
  5 crimson imps
  A wasp zombie (D:7)
  4 giant frog zombies
  2 centaur zombies
  2 jellies
  6 orc priests
  5 hounds
  6 orc wizards
  2 centaur skeletons
  2 iguanas
  Natasha (D:3)
  12 worker ants
  2 hound skeletons
  11 gnolls
  14 adders
  3 river rats (D:10)
  6 shadow imps
  An ooze (D:4)
  2 worms (D:5)
  2 dart slugs (D:1)
  3 giant geckos (D:3)
  56 orcs
  3 ball pythons
  11 bats
  5 giant cockroaches
  10 goblins
  2 hobgoblins
  7 jackals
  12 kobolds
  6 quokkas
  A giant gecko zombie (D:5)
  6 giant newts
  3 jackal skeletons
  A quokka skeleton (D:8)
  5 rats
  A spectral orc (D:7)
  6 plants (D:10)
408 creatures vanquished.

Vanquished Creatures (others)
  A fire dragon (D:8)
  4 slaves (D:7)
  A scorpion (D:7)
  A bush (D:8)
  2 plants (D:10)
9 creatures vanquished.

Grand Total: 417 creatures vanquished

Notes
Turn   | Place    | Note
--------------------------------------------------------------
     0 | D:1      | Chiseanne the Troll Monk began the quest for the Orb.
     0 | D:1      | Reached XP level 1. HP: 22/22 MP: 0/0
   440 | D:1      | Reached XP level 2. HP: 29/29 MP: 1/1
   737 | D:2      | Reached XP level 3. HP: 18/37 MP: 2/2
  1676 | D:2      | Reached XP level 4. HP: 25/45 MP: 3/3
  1942 | D:3      | Reached XP level 5. HP: 36/54 MP: 4/4
  2026 | D:3      | You fall through a shaft for 3 floors!
  2049 | D:6      | Noticed a phantom
  2087 | D:6      | Noticed an ice beast
  2099 | D:6      | Killed an ice beast
  2102 | D:6      | Killed a phantom
  2102 | D:6      | Reached XP level 6. HP: 63/63 MP: 5/5
  2117 | D:5      | Entered Level 5 of the Dungeon
  2120 | D:5      | Found an ancient bone altar of Kikubaaqudgha.
  2210 | D:6      | Reached skill level 5 in Fighting
  2301 | D:5      | Found a sacrificial altar of Ru.
  2491 | D:4      | Reached XP level 7. HP: 72/72 MP: 6/6
  2591 | D:3      | Noticed Natasha
  2598 | D:3      | Killed Natasha
  2706 | D:3      | Reached skill level 5 in Dodging
  3690 | D:5      | Found a large runed door.
  3690 | D:5      | Found a large runed door.
  3811 | D:5      | Got a blackened great sword
  3814 | D:5      | Identified the +8 great sword of Innocence {flame, +Rage MP+9 Str-5 Int-2} (You found it on level 5 of the Dungeon)
  3878 | D:5      | Found a staircase to the Ecumenical Temple.
  3890 | Temple   | Entered the Ecumenical Temple
  3954 | D:5      | Reached XP level 8. HP: 71/83 MP: 7/7
  3997 | D:5      | Found an opulent altar of Gozag.
  4218 | D:5      | Found a large runed door.
  4218 | D:5      | Found a large runed door.
  4555 | D:5      | Noticed a cyclops
  4564 | D:5      | Killed a cyclops
  4578 | D:5      | Identified the Incunabulum of Orientation and the Arsonist
  4946 | D:6      | Reached XP level 9. HP: 69/93 MP: 8/8
  5003 | D:6      | Found a bloodstained altar of Trog.
  5134 | D:7      | Found an iron altar of Okawaru.
  5341 | D:7      | Noticed Pikel
  5341 | D:7      | Got an encrusted long sword
  5350 | D:7      | Killed Pikel
  5361 | D:7      | Identified the +4 long sword of Twilight {vamp, MR+ SInv} (You found it on level 7 of the Dungeon)
  5433 | D:7      | Noticed a hill giant
  5441 | D:7      | Killed a hill giant
  5751 | D:7      | Noticed Menkaure
  5758 | D:7      | Killed Menkaure
  6005 | D:7      | Reached XP level 10. HP: 105/106 MP: 9/9
  6152 | D:7      | Found a basalt altar of Yredelemnul.
  6261 | D:8      | Noticed Erolcha
  6264 | D:8      | Killed Erolcha
  6445 | D:8      | Found a glowing golden altar of the Shining One.
  6468 | D:8      | Became a worshipper of the Shining One
  6468 | D:8      | Reached * piety under the Shining One
  6468 | D:8      | Reached ** piety under the Shining One
  6625 | D:8      | Reached skill level 1 in Invocations
  6655 | D:8      | Wingboner: Are you going to become a clubber later?
  6655 | D:8      | Chiseanne: yes
  6655 | D:8      | Chiseanne: one with holy wrath and the other one branded from a scroll...thats the plan
  7066 | D:8      | Noticed Gastronok
  7080 | D:8      | Killed Gastronok
  7140 | D:8      | Found an oddly glowing altar of Pakellas.
  7141 | D:8      | Noticed a fire dragon
  7150 | D:8      | Killed a fire dragon
  7552 | D:9      | Found Laanud's Antique Weapon Emporium.
  7560 | D:9      | Bought a pitted battleaxe for 299 gold pieces
  7561 | D:9      | Identified the +7 battleaxe of a ziggurat {speed, SInv} (You bought it in a shop on level 9 of the Dungeon)
  7562 | D:9      | Chiseanne: oh that baby isnt that bad
  7598 | D:9      | Got a silken robe
  7672 | D:9      | Identified the cursed +1 robe of Music {rC+ rCorr Int+4 Slay-4} (You found it on level 9 of the Dungeon)
  7672 | D:9      | Chiseanne: meh..slay minus
  7688 | D:9      | Noticed Psyche
  7870 | D:9      | Killed Psyche
  7870 | D:9      | Reached XP level 11. HP: 115/117 MP: 12/12
  7875 | D:9      | Found a shattered altar of Ashenzari.
  7948 | D:9      | Wingboner: You're a troll. You're a walking slay bonus.
  7948 | D:9      | Chiseanne: yeah..but seriously .. -4 ? nah thx
  8399 | D:9      | Reached skill level 5 in Throwing
  8513 | D:10     | Entered Level 10 of the Dungeon
  8513 | D:10     | Found a shadowy altar of Dithmenos.
  8523 | D:10     | Reached skill level 10 in Fighting
  8566 | D:10     | Noticed a hill giant
  8573 | D:10     | Killed a hill giant
  8573 | D:10     | Reached skill level 10 in Dodging
  8646 | D:10     | Found a snail-covered altar of Cheibriados.
  9024 | D:10     | Found a staircase to the Lair.
  9382 | D:10     | Reached *** piety under the Shining One
  9382 | D:10     | Found a roughly hewn altar of Beogh.
  9397 | D:10     | Noticed a hill giant
  9407 | D:10     | Killed a hill giant
  9423 | D:10     | Found a staircase to the Orcish Mines.
 10398 | D:11     | Noticed a red ugly thing
 10408 | D:11     | Noticed a green ugly thing
 10411 | D:11     | Killed a red ugly thing
 10458 | D:10     | Killed a green ugly thing
 10458 | D:10     | Reached XP level 12. HP: 33/128 MP: 3/14
 10682 | D:11     | Found Ceigis's Assorted Antiques.
 10691 | D:11     | Bought a scroll labeled JUQUSS OHOPPUE for 29 gold pieces
 10691 | D:11     | Bought a potion of curing for 87 gold pieces
 10691 | D:11     | Bought a blackened silver wand for 116 gold pieces
 10691 | D:11     | Bought a bubbling clear potion for 26 gold pieces
 10691 | D:11     | Bought a scroll of teleportation for 87 gold pieces
 10700 | D:11     | Got a distressingly furry shield
 10707 | D:11     | Identified the -5 shield of Anarchy {rElec rF+ rCorr Dex+2} (You acquired it on level 11 of the Dungeon)
 10727 | D:11     | Found a burning altar of Makhleb.
 10727 | D:11     | Noticed a green death
 12095 | D:13     | Found Lenebue's Book Boutique.
 12610 | D:13     | Reached **** piety under the Shining One
 12710 | D:13     | Noticed a centaur warrior
 12716 | D:13     | Killed a centaur warrior
 12719 | D:13     | Noticed a centaur warrior
 12733 | D:13     | Killed a centaur warrior
 13194 | D:14     | Found Micso's Food Shop.
 13229 | D:14     | Found Xobo's Jewellery Shoppe.
 13472 | D:14     | Found Loc Simp's Antique Armour Shoppe.
 13516 | D:14     | Bought a wizard robe for 171 gold pieces
 13778 | D:13     | Reached XP level 13. HP: 84/139 MP: 10/15
 14017 | D:14     | Noticed a vault guard
 14034 | D:13     | Killed a vault guard
 14143 | D:14     | Noticed a vault guard
 14144 | D:14     | Noticed a vault guard
 14167 | D:14     | Killed a vault guard
 14177 | D:14     | Killed a vault guard
 14272 | D:14     | Noticed a vault guard
 14282 | D:14     | Killed a vault guard
 14285 | D:14     | Noticed a vault guard
 14300 | D:14     | Killed a vault guard
 14341 | D:14     | Noticed a vault guard
 14356 | D:14     | Killed a vault guard
 14459 | D:14     | Noticed Roxanne
 14467 | D:14     | Killed Roxanne
 14467 | D:14     | Reached skill level 10 in Throwing
 14533 | D:14     | Found Zeshraeh's General Store.
 14555 | D:14     | Identified Roxanne's Reference Book on Stones (You took it off Roxanne on level 14 of the Dungeon)
 14564 | D:14     | Found a gate to the Vaults.
 14652 | D:14     | Identified the cursed +0 robe "Forget-Me-Not" {-Tele Regen+ rCorr Int+2} (You bought it in a shop on level 14 of the Dungeon)
 14759 | D:14     | Noticed a vault guard
 14769 | D:14     | Killed a vault guard
 14850 | D:14     | Noticed a vault guard
 14857 | D:14     | Killed a vault guard
 15122 | D:15     | Entered Level 15 of the Dungeon
 15127 | D:15     | Noticed a salamander stormcaller
 15334 | D:15     | Found a staircase to the Depths.
 15539 | D:15     | HP: 6/141 [centaur warrior (4)]
 15539 | D:15     | Slain by an orc knight

Vault maps used:
D:1:      matt_arrival_spirals
D:2:      kennysheep_decorative_pillar, hex_tiny
D:3:      first_bread, uniq_natasha
D:5:      grunt_gozag_statues, nicolae_ru_great_annihilating_truth,
          nicolae_overflow_hidden_temple, minmay_temple_entry_purple_smoke,
          serial_corexii_hall, corexii_hall_statues_t,
          corexii_hall_statues_deadend, minmay_misc_feat_four_crosses,
          kennysheep_cluttered_room, minmay_hollow_rounded_squares
D:6:      trog_ov_bears_minmay
D:7:      kennysheep_okawaru_gauntlet, yredelemnul_forgotten_temple_becter,
          uniq_pikel, uniq_menkaure
D:8:      lemuel_doored_altar, gammafunk_pakellas_spire_experiment,
          uniq_gastronok, uniq_erolcha
D:9:      minmay_twisted_water, evilmike_ruin_ashenzari, serial_shops,
          nicolae_shop_waterfront, grunt_ogre_cave, uniq_psyche
D:10:     minmay_lair_entry_grove, david_orc_5, st_stairs_13,
          hangedman_feature_mirror
D:11:     serial_shops, kennysheep_little_box, makhleb_altar_promises_db
D:13:     serial_shops, shop
D:14:     erik_vaults_2, serial_shops, kennysheep_mini_moat, nicolae_shop_stone,
          shop, shop, uniq_roxanne
D:15:     gammafunk_depths_entry_grave, roderic_serpentine_path,
          portal_ice_cave_entry_ice_statue_01, tgw_xom
Temple:   triangle_lava_temple_11

Skill      XL: |  1  2  3  4  5  6  7  8  9 10 11 12 13 |
---------------+----------------------------------------+-----
Fighting       | 3 4 5 6 7 8 9 10 11 12 | 12.6
Dodging        | 3 4 5 7 8 9 10 11 12 | 12.5
Throwing       | 3 4 7 9 10 | 10.5
Invocations    | 3 4 |  4.0
Stealth        | |  1.1
Unarmed Combat | |  4.0

Action                   |  1- 3 |  4- 6 |  7- 9 | 10-12 | 13-15 || total
-------------------------+-------+-------+-------+-------+-------++-------
Melee: Unarmed           |    97 |   118 |    83 |       |       ||   298
       Punch             |     2 |     2 |     2 |     2 |       ||     8
       Great sword       |       |       |   137 |   145 |     6 ||   288
       Battleaxe         |       |       |       |   407 |   158 ||   565
       Flail             |       |       |       |    24 |       ||    24
Throw: Javelin           |       |       |       |    29 |       ||    29
       Stone             |       |       |       |    16 |       ||    16
       Tomahawk          |       |       |       |     9 |       ||     9
       Large rock        |       |       |       |    23 |    57 ||    80
Invok: Divine Shield     |       |       |       |    16 |    14 ||    30
Evoke: Wand              |       |       |     3 |     1 |       ||     4
  Use: Scroll            |       |     8 |    11 |    12 |     5 ||    36
       Potion            |       |       |     1 |    13 |     3 ||    17
 Stab: Sleeping          |     1 |     1 |     6 |       |       ||     8
       Invisible         |       |     1 |       |       |       ||     1
       Paralysed         |       |     1 |       |       |       ||     1
  Eat: Chunk             |    15 |    13 |    37 |    82 |    14 ||   161
Armor: Robe              |    52 |    38 |    61 |   165 |    21 ||   337
       Skin              |       |       |       |       |    39 ||    39
Dodge: Dodged            |    56 |    71 |   195 |   559 |   102 ||   983
Block: Other             |       |       |       |    83 |    74 ||   157
       Reflection        |       |       |       |       |     1 ||     1
